 Dungeon Crawl Stone Soup version 0.31.0-11-ge490571c62 (webtiles) character file.

Game seed: 658964627777720976

5216 sanka the Grappler (level 9, -3/95 (97) HPs)
             Began as a Troll Monk on Jan 30, 2024.
             Was a Follower of Ru.
             Slain by a kobold brigand
             ... wielding a +0 short sword
              (6 damage)
             ... on level 10 of the Dungeon.
             The game lasted 00:08:14 (5776 turns).

sanka the Grappler (Troll Monk)                     Turns: 5776, Time: 00:08:15

HP:   -3/95 (97)    AC: -4    Str: 21    XL:     9   Next: 35%
MP:   8/8           EV: 26    Int:  6    God:    Ru [*.....]
Gold: 465           SH:  0    Dex: 16    Spells: 8/8 levels left

rFire   . .          .
                       - Unarmed
rCold   + . .        c - orb {light}
rNeg    . . .        a - +0 robe
rPois   .            (helmet restricted)
rElec   .            (no cloak)
rCorr   .            (gloves unavailable)
SInv    .            (boots unavailable)
Will    .....        m - amulet of the acrobat
Stlth   +            s - +4 ring of protection
HPRegen 1.15/turn    v - ring of protection from cold
MPRegen 0.11/turn

%: acrobat
@: corroded, acrobatic, slowed, glowing, lightly drained, very slow
A: large, unfitting armour, claws 3, regeneration 1, shaggy fur 1, tough skin 1,
inexperienced 1
a: Renounce Religion


You were on level 10 of the Dungeon.
You worshipped Ru.
Ru was aware of your devotion.
You visited 2 branches of the dungeon, and saw 11 of its levels.

You collected 465 gold pieces.


Innate Abilities, Weirdness & Mutations

You are too large for most types of armour.
You have claws for hands.
Your natural rate of healing is unusually fast.
You are covered in fur. (AC +1)
You have tough skin. (AC +1)
You are somewhat inexperienced. (-1 XL)


   Skills:
 + Level 8.7 Fighting
 + Level 4.2 Dodging
 * Level 11.5 Unarmed Combat


You had 8 spell levels left.
You didn't know any spells.
Your spell library contained the following spells:

 Spells                   Type           Power      Damage    Failure   Level
 Sting                    Conj/Alch      0%         1d3       45%         1
 Summon Small Mammal      Summ           0%         N/A       45%         1
 Mercury Vapours          Alch/Air       0%         N/A       58%         2
 Static Discharge         Conj/Air       0%         3-3/arc   58%         2
 Call Canine Familiar     Summ           0%         N/A       83%         3
 Sigil of Binding         Hex            0%         N/A       83%         3
 Airstrike                Air            0%         2d(0-16)  99%         4
 Dimensional Bullseye     Hex/Tloc       0%         N/A       99%         4
 Olgreb's Toxic Radiance  Alch           0%         N/A       99%         4
 Summon Blazeheart Golem  Fire/Summ      0%         N/A       99%         4
 Summon Lightning Spire   Summ/Air       0%         N/A       99%         4
 Vhi's Electric Charge    Tloc/Air       0%         N/A       99%         4
 Arcjolt                  Conj/Air       0%         1d10      100%        5
 Ozocubu's Refrigeration  Ice            0%         4d7       100%        7
 Discord                  Hex            0%         N/A       100%        8
 Maxwell's Capacitive Co  Air            0%         ∞         100%        8

Inventory:

Missiles
 I - 2 curare-tipped darts {=f}
Armour
 a - a +0 robe (worn)
 c - an orb of light (worn)
 g - a +0 cloak
 A - a +2 hat
Magical Staves
 h - a staff of death
Jewellery
 m - an amulet of the acrobat (around neck)
 s - a +4 ring of protection (left claw)
 v - a ring of protection from cold (right claw)
 x - a ring of resist corrosion
Wands
 D - a wand of mindburst (30)
 H - a wand of polymorph (13)
Scrolls
 d - 2 scrolls of identify {@r1}
 i - 2 scrolls of teleportation {@r4}
 j - a scroll of immolation {!r}
 l - a scroll of enchant weapon
 n - 3 scrolls of revelation
 q - 2 scrolls of poison {!r}
 t - a scroll of fog
 w - 2 scrolls of blinking
 y - 3 scrolls of silence {!r}
 C - 2 scrolls of vulnerability {!r}
 E - a scroll of fear
Potions
 b - 3 potions of ambrosia
 e - 4 potions of lignification {unknown}
 f - 9 potions of curing {unknown}
 k - 3 potions of mutation {unknown}
 o - a potion of heal wounds {unknown}
 p - 2 potions of attraction {unknown}
 r - a potion of might {unknown}
 u - a potion of degeneration {unknown}
 z - 2 potions of brilliance {unknown}
 B - a potion of cancellation {unknown}
 F - a potion of invisibility {unknown}
 G - 4 potions of enlightenment {unknown}

Dungeon Overview and Level Annotations

Branches:
Dungeon (10/15)            Temple (1/1) D:7            Lair (0/5) D:8
    Orc: D:9-12

Altars:
Ashenzari
Cheibriados
Dithmenos
Elyvilon
Fedhas
Gozag
Hepliaklqana
Kikubaaqudgha
Makhleb
Nemelex Xobeh
Okawaru
Qazlal
Ru
Sif Muna
Trog
Uskayaw
Vehumet
Wu Jian
Xom
Yredelemnul
Zin

Annotations:
D:5 3 runed translucent doors, nightchill's ghost, weakling MiFi
D:8 exclusion: downstairs

▒...▒▒▒▒................▒
▒....▒ ▒▒................▒
▒....▒▒ ▒................▒▒
▒.....▒ ▒.8.▒.............▒
▒.....▒▒▒...▒▒.K..........▒
..........8.▒▒.)K.........▒
............▒▒▒KK.........▒
.▒▒▒▒▒▒...8.▒ ▒KKKK.......▒
▒ ▒.....▒ ▒▒T..)......▒
▒▒.▒...▒▒▒▒.........▒
▒..▒▒▒▒▒▒.........▒▒▒ ▒.▒▒
▒▒..........▒ ▒.▒
▒▒...........▒ ▒▒.▒
▒▒............▒ ▒..▒
▒..).....▒....▒
▒.▒▒▒▒▒▒▒▒'''▒▒▒▒▒▒▒ ▒.▒
▒...'.....'...▒


You could see 7 kobold brigands and a kobold.


Message History

Unknown command.
Unknown command.
You feel sick.
You are no longer poisoned.
The kobold brigand completely misses you.
The kobold brigand barely misses you.
The kobold brigand attacks as it pursues you!
The kobold brigand closely misses you.
The kobold brigand hits you with a +0 short sword!
* * * LOW HITPOINT WARNING * * *
The kobold brigand misses you. The kobold brigand misses you.
The kobold brigand completely misses you.
The kobold brigand hits you with a +0 club.
* * * LOW HITPOINT WARNING * * *
Unknown command.
Unknown command.
Unknown command.
Unknown command.
The kobold brigand attacks as it pursues you!
The kobold brigand hits you with a +2 short sword of draining.
* * * LOW HITPOINT WARNING * * *
You feel drained.
* * * LOW HITPOINT WARNING * * *
The kobold brigand hits you with a +0 dagger.
* * * LOW HITPOINT WARNING * * *
The kobold brigand attacks as it pursues you!
The kobold brigand closely misses you.
The kobold brigand hits you with a +0 short sword.
You die...

Action                     |  1- 3 |  4- 6 |  7- 9 || total
---------------------------+-------+-------+-------++-------
  Melee: Unarmed           |    62 |    71 |   249 ||   382
 Invoke: Sacrifice Experie |       |       |     1 ||     1
    Use: Scroll            |       |       |    11 ||    11
 Armour: Robe              |    35 |    39 |   167 ||   241
  Dodge: Dodged            |    30 |    38 |   190 ||   258

Levels and vault maps discovered:
D:1:      saegor_arrival_under_anarchy, layout_basic,
          hellmonk_ecumenical_altar_watching_god
D:2:      layout_basic, minmay_small_reverse_x
D:3:      layout_basic, lemuel_round_altar
D:4:      layout_layer_cave
D:5:      layout_loops_ring, pdpol_wu_jian_five_deadly_venoms,
          gammafunk_ghost_split, uniq_duvessa
D:6:      layout_basic, hangedman_decor_clover_reticule, corexii_corridor_pit
D:7:      layout_loops_ring, temple_fountains
D:8:      layout_rooms, lemuel_crystal_altar, okawaru_gym_becter,
          lair_entry_dummy
D:9:      dragon1_lemuel, layout_basic, tso_altar
D:10:     layout_cave_pods, mainiacjoe_overflow_big_doors, serial_column_ruins,
          column_ruins_hut, column_ruins_hut_water, column_ruins_grid_1,
          column_ruins_columns_straight, column_ruins_corridor_corner,
          column_ruins_grid_1, special_room [special_room_kobold]
Temple:   minmay_freezing_vapour_temple

Notes
Turn   | Place    | Note
-------+----------+-------------------------------------------
     0 | D:1      | sanka the Troll Monk began the quest for the Orb.
     0 | D:1      | Reached XP level 1. HP: 22/22 MP: 0/0
   175 | D:1      | Reached XP level 2. HP: 29/29 MP: 1/1
   387 | D:1      | Found a faded altar of an unknown god.
   389 | D:1      | Noticed a great orb of eyes
   389 | D:1      | Noticed a shining eye
   390 | D:1      | Noticed a shining eye
   390 | D:1      | Noticed a golden eye
   610 | D:1      | Reached skill level 3 in Fighting
   667 | D:2      | Reached XP level 3. HP: 36/37 MP: 2/2
  1006 | D:2      | Reached skill level 4 in Unarmed Combat
  1195 | D:3      | Identified the +6 plate armour of the Hills {Int+4}
  1239 | D:3      | Reached XP level 4. HP: 45/45 MP: 3/3
  1352 | D:3      | Found a white marble altar of Elyvilon.
  1830 | D:4      | Reached skill level 5 in Unarmed Combat
  1885 | D:4      | Reached XP level 5. HP: 49/53 MP: 4/4
  2386 | D:5      | Entered Level 5 of the Dungeon
  2424 | D:5      | Identified the +6 short sword of Spite {pain, rElec rCorr}
  2437 | D:5      | Noticed a troll
  2438 | D:5      | Noticed nightchill's ghost (weakling MiFi)
  2442 | D:5      | Found a runed translucent gate.
  2443 | D:5      | Found a runed translucent gate.
  2444 | D:5      | Found a runed translucent gate.
  2461 | D:5      | Reached skill level 6 in Unarmed Combat
  2500 | D:5      | Noticed Duvessa
  2511 | D:5      | Killed Duvessa
  2511 | D:5      | Noticed Dowan
  2512 | D:5      | Reached XP level 6. HP: 50/61 MP: 5/5
  2522 | D:5      | Killed Dowan
  2523 | D:5      | Reached skill level 7 in Unarmed Combat
  2711 | D:5      | Noticed a water moccasin
  2716 | D:5      | Killed a water moccasin
  2717 | D:5      | Reached XP level 7. HP: 60/67 MP: 6/6
  2783 | D:5      | Reached skill level 8 in Unarmed Combat
  2963 | D:5      | Found an ornate altar of the Wu Jian Council.
  3088 | D:6      | Reached skill level 9 in Unarmed Combat
  3290 | D:6      | Reached XP level 8. HP: 69/75 MP: 7/7
  3320 | D:6      | Reached skill level 10 in Unarmed Combat
  3437 | D:6      | Reached skill level 4 in Fighting
  3641 | D:7      | Reached skill level 5 in Fighting
  3839 | D:7      | Noticed a hornet
  3842 | D:7      | Paralysed by a hornet for 1 turns
  3845 | D:7      | Killed a hornet
  3846 | D:7      | Reached skill level 6 in Fighting
  4062 | D:7      | Found a staircase to the Ecumenical Temple.
  4079 | Temple   | Entered the Ecumenical Temple
  4084 | Temple   | Became a worshipper of Ru the Awakened
  4091 | D:7      | Gained mutation: You are somewhat inexperienced. (-1 XL)
                  | [Ru sacrifice]
  4091 | D:7      | Reached XP level 7. HP: 75/75 MP: 6/6
  4091 | D:7      | Reached * piety under Ru
  4133 | D:7      | Reached XP level 8. HP: 84/84 MP: 7/7
  4308 | D:8      | Reached skill level 7 in Fighting
  4408 | D:8      | Found an iron altar of Okawaru.
  4456 | D:8      | Found a bloodstained altar of Trog.
  4645 | D:8      | Found a staircase to the Lair.
  4775 | D:9      | Reached skill level 8 in Fighting
  4788 | D:9      | Reached skill level 3 in Dodging
  4814 | D:9      | Noticed a kobold demonologist
  4825 | D:9      | Noticed an orange demon
  4826 | D:9      | Killed a kobold demonologist
  4827 | D:9      | Noticed a kobold demonologist
  4829 | D:9      | Noticed a rust devil
  4837 | D:9      | Killed a kobold demonologist
  4838 | D:9      | Reached XP level 9. HP: 82/97 MP: 8/8
  5013 | D:9      | Reached skill level 11 in Unarmed Combat
  5114 | D:9      | Noticed an ice dragon
  5142 | D:10     | Entered Level 10 of the Dungeon
  5629 | D:10     | Reached skill level 4 in Dodging
  5669 | D:10     | Found an opulent altar of Gozag.
  5736 | D:10     | Found a shimmering altar of Xom.
  5769 | D:10     | Noticed a rust devil
  5776 | D:10     | HP: 7/95 [kobold brigand/+2 short sword of draining (3)]
  5776 | D:10     | HP: 3/95 [kobold brigand/+0 dagger (4)]
  5776 | D:10     | Slain by a kobold brigand

Vanquished Creatures
  3 kobold demonologists
  A troll (D:10)
  A hornet (D:7)
  7 yaks
  2 acid dragons (D:10)
  A water moccasin (D:5)
  Duvessa (D:5)
  2 ogres
  2 ice beasts (D:6)
  4 centaurs
  A phantom (D:7)
  3 bullfrogs
  2 kobold brigands
  2 scorpions (D:7)
  13 wights
  Dowan (D:5)
  2 howler monkeys
  2 bombardier beetles (D:4)
  A jelly (D:6)
  A gnoll bouda (D:9)
  2 hounds (D:5)
  2 orc priests
  2 iguanas
  3 sleepcaps
  4 orc wizards (D:9)
  10 adders
  7 gnolls
  A white imp (D:6)
  6 ufetubi
  11 orcs
  5 ball pythons
  5 bats
  4 endoplasms
  5 giant cockroaches
  7 goblins
  3 hobgoblins
  4 quokkas
  3 frilled lizards
  9 kobolds
  5 rats
150 creatures vanquished.
